 Dungeon Sprint DCSS version 0.29-a0-732-g3d7fbe0af2 (webtiles) character file.

Game seed: 13972789629964510072

1205 manyhoops the Warrior (level 8, -3/81 HPs)
             Began as a Demigod Fighter on June 29, 2022.
             Slain by a polar bear (9 damage)
             ... in the Dungeon (Sprint II: "The Violet Keep of Menkaure").
             The game lasted 00:06:04 (1363 turns).

manyhoops the Warrior (Demigod Fighter)             Turns: 1363, Time: 00:06:06

Health: -3/81      AC:  4    Str: 17    XL:     8   Next: 1%
Magic:  10/26      EV: 11    Int: 16    God:
Gold:   33         SH:  0    Dex: 13    Spells: 11/15 levels left

rFire   . . .      SeeInvis .   a - +0 flail
rCold   . . .      Faith    .   (no shield)
rNeg    . . .      Spirit   .   e - +0 leather armour
rPois   .          Reflect  .   (no helmet)
rElec   .          Harm     .   (no cloak)
rCorr   .          Rampage  .   d - +0 pair of gloves
Will    .....      Rage     3%  (no boots)
Stlth   +......... NoTele   +   (no amulet)
HPRegen 0.23/turn               f - ring of magical power
MPRegen 0.20/turn               (no ring)

@: no status effects
A: high MP 1, forlorn, divine attributes, berserk 1, deterioration 1, dopey 1,
frail 1, screaming 1, inability to drink while threatened 1
a: no special abilities


You were in the Dungeon.
You visited 1 branch You collected 972 gold pieces.
You spent 939 gold pieces at shops.

Inventory:

Hand Weapons
 a - a +0 flail (weapon)
Armour
 b - a +0 scale mail
 c - a +0 buckler
 d - a +0 pair of gloves (worn)
 e - a +0 leather armour (worn)
Jewellery
 f - a ring of magical power (left hand)


   Skills:
 - Level 15.5 Fighting
 - Level 1.7 Maces & Flails
 - Level 2.6 Armour
 - Level 2.6 Shields
 - Level 4.3 Spellcasting
 + Level 3.2 Fire Magic


You had 11 spell levels left.
You knew the following spells:

 Your Spells              Type           Power      Damage    Failure   Level
a - Foxfire               Conj/Fire      32%        2x1d5     10%         1
b - Conjure Flame         Conj/Fire      8%         6-21      30%         3

Your spell library contained the following spells:

 Spells                   Type           Power      Damage    Failure   Level
 Inner Flame              Hex/Fire       8%         N/A       30%         3
 Flame Wave               Conj/Fire      8%         2d5       69%         4


Dungeon Overview and Level Annotations

Branches:
Dungeon (1/1)

Shops:
D =:???![=:!=(:?[

Annotations:
D exclusion: oklob plant


Innate Abilities, Weirdness & Mutations

You have an increased reservoir of magic. (+10% MP)
You shall have no god before yourself.
Your divine heritage dramatically boosts your attributes as you level up.
You sometimes lose your temper in combat.
Your body sometimes deteriorates upon taking damage.
You are dopey. (Int -2)
You are frail. (-10% HP)
You occasionally shout uncontrollably at your foes.
You occasionally lose the ability to drink potions when taking damage.


Message History

Confirm with . or Enter, or press ? or * to list all spells.
You conjure some foxfire!
The polar bear bites you.
The polar bear claws you but does no damage.
The polar bear claws you.
You aren't carrying any scrolls.
Your foxfire dissipates!
The foxfire hits the polar bear.
The polar bear is moderately wounded.
Casting: Foxfire (safe; 10% risk of failure)
Confirm with . or Enter, or press ? or * to list all spells.
You conjure some foxfire!
The polar bear bites you.
* * * LOW HITPOINT WARNING * * *
The polar bear barely misses you. x2
You aren't carrying any potions.
Your foxfire dissipates!
The polar bear attacks as you move away!
The polar bear bites you.
* * * LOW HITPOINT WARNING * * *
The polar bear barely misses you. The polar bear claws you.
* * * LOW HITPOINT WARNING * * *
The foxfire hits the polar bear but does no damage.
The polar bear is moderately wounded.
The polar bear attacks as you move away!
The polar bear bites you!
* * * LOW HITPOINT WARNING * * *
The polar bear claws you but does no damage. x2
Casting: Foxfire (safe; 10% risk of failure)
Confirm with . or Enter, or press ? or * to list all spells.
You conjure some foxfire!
The polar bear bites you.
* * * LOW HITPOINT WARNING * * *
The polar bear closely misses you.
The polar bear claws you but does no damage.
Casting: Foxfire (safe; 10% risk of failure)
Confirm with . or Enter, or press ? or * to list all spells.
You conjure some foxfire!
The foxfire hits the polar bear.
The polar bear is moderately wounded.
The foxfire hits the polar bear but does no damage.
The polar bear is moderately wounded.
The polar bear bites you!
You die... ##≈≈≈≈≈≈§≈≈ +≈≈≈≈≈≈§≈≈≈ ##≈§≈SSS§§≈ ≈## SSSSS

############≈≈#+++#+++#
###########≈≈≈.........
##.∩.∩....#≈≈≈≈.##'##..
##..∩§§v..#≈≈≈≈##.####.
##...§@v..#≈≈≈≈#.##..#.
##....∩h⌠.#≈≈####...###
##...∩.∩h.#≈##.###'###.
##..∩.∩...#≈#...##.##..
##...∩....'≈'.#)'.<.'.#
##∩.∩.....#≈#...##.####
#▓▓▓▓▓▓▓###≈##.###'###.
##ZGZ######≈≈####...###
#$$G#F. ##≈≈≈#..#..#≈


You could see a shining eye, 2 polar bears and 2 spectral adders.

Vanquished Creatures
  A merfolk siren (D)
  4 neqoxecs (D)
  A water moccasin (D)
  4 necrophages (D)
  3 worms (D)
13 creatures vanquished.

Vanquished Creatures (others)
  Menkaure (D)
  A water moccasin (D)
  61 foxfires (D)
63 creatures vanquished.

Grand Total: 76 creatures vanquished

Notes
Turn   | Place    | Note
-------+----------+-------------------------------------------
     0 | D        | manyhoops the Demigod Fighter began the quest for the Orb.
     0 | D        | Reached XP level 1. HP: 18/18 MP: 3/3
     6 | D        | Noticed a neqoxec
     6 | D        | Noticed a neqoxec
     6 | D        | Noticed a neqoxec
     6 | D        | Noticed a neqoxec
     6 | D        | Gained mutation: You are frail. (-10% HP) [a neqoxec]
    10 | D        | Gained mutation: Your body sometimes deteriorates upon
                  | taking damage. [a neqoxec]
    15 | D        | Killed a neqoxec
    16 | D        | Reached skill level 9 in Fighting
    16 | D        | Reached XP level 2. HP: 25/33 MP: 4/4
    16 | D        | Reached XP level 3. HP: 28/37 MP: 5/5
    16 | D        | Reached XP level 4. HP: 34/45 MP: 6/6
    20 | D        | Killed a neqoxec
    21 | D        | Reached skill level 11 in Fighting
    21 | D        | Reached XP level 5. HP: 39/54 MP: 7/7
    21 | D        | Gained mutation: You occasionally lose the ability to drink
                  | potions when taking damage. [a neqoxec]
    23 | D        | Killed a neqoxec
    24 | D        | Reached skill level 13 in Fighting
    24 | D        | Reached XP level 6. HP: 26/64 MP: 8/8
    28 | D        | Gained mutation: You have hidden genetic defects. [a
                  | neqoxec]
    28 | D        | Gained mutation: You sometimes lose your temper in combat.
                  | [a neqoxec]
    29 | D        | Killed a neqoxec
    34 | D        | Gained mutation: You are dopey. (Int -2) [hidden defects]
    45 | D        | Killed a water moccasin
    83 | D        | Killed Menkaure
   271 | D        | Noticed a merfolk siren
   289 | D        | Killed a merfolk siren
   290 | D        | Reached skill level 15 in Fighting
   290 | D        | Reached XP level 7. HP: 58/74 MP: 9/9
   315 | D        | Reached skill level 1 in Spellcasting
   319 | D        | Gained mutation: You occasionally shout uncontrollably at
                  | your foes. [hidden defects]
   319 | D        | Lost mutation: You have hidden genetic defects. [hidden
                  | defects expressed]
   669 | D        | Found Itareost's Antique Armour Emporium.
   669 | D        | Found Niovysoth's Antique Weapon Shoppe.
   669 | D        | Found Huqa's Magic Scroll Shoppe.
   669 | D        | Found Wuazic's Jewellery Emporium.
   670 | D        | Found Xoisch's Book Emporium.
   670 | D        | Found Setrooro's Book Shoppe.
   670 | D        | Found Bekar's Jewellery Emporium.
   670 | D        | Found Tonelucsu's Antique Armour Shoppe.
   671 | D        | Found Movahyj's Distillery.
   671 | D        | Found Vianim's Magic Scroll Shoppe.
   671 | D        | Found Gudgh's Magic Scroll Shoppe.
   671 | D        | Noticed a shining eye
   672 | D        | Found Ninguoshrig's Distillery.
   672 | D        | Noticed a shining eye
   673 | D        | Found Icyuripoism's Magic Scroll Emporium.
   673 | D        | Noticed a shining eye
   673 | D        | Noticed an oklob plant
   674 | D        | Found Haezeep's Jewellery Shoppe.
   674 | D        | Found Himio's Book Shoppe.
   679 | D        | Bought a book of Flames for 420 gold pieces
   681 | D        | Learned a level 1 spell: Foxfire
   686 | D        | Noticed a cane toad
   689 | D        | Noticed a cane toad
   697 | D        | Learned a level 3 spell: Conjure Flame
   705 | D        | Bought a pair of gloves for 103 gold pieces
   705 | D        | Bought a leather armour for 46 gold pieces
   707 | D        | Bought a scroll of blinking for 75 gold pieces
   707 | D        | Bought a scroll of blinking for 75 gold pieces
   794 | D        | Reached XP level 8. HP: 7/81 MP: 11/17
  1236 | D        | Bought a ring of magical power for 220 gold pieces
  1323 | D        | Noticed a polar bear
  1323 | D        | Noticed a polar bear
  1324 | D        | Noticed a polar bear
  1325 | D        | Noticed a hornet
  1363 | D        | Slain by a polar bear

Illustrated notes

Levels and vault maps discovered:
D:        the_violet_keep_of_menkaure [sprint2_stairs_cluster_1,
          sprint2_shoproom, sprint2_temple, sprint2_basic_supplies,
          sprint2_obstacle_6, sprint2_obstacle_3, sprint2_obstacle_7,
          sprint2_obstacle_4, sprint2_obstacle_2, sprint2_timed_cluster_1,
          sprint2_smallroom_cluster_1, sprint2_smallroom_final_cluster_1,
          sprint2_transparent_cluster_1, sprint2_second_timed_cluster_1,
          sprint2_sniper_area_1, sprint2_heavy_combat_area_1,
          sprint2_mutation_trap_area_1, sprint2_forest_area_1,
          sprint2_light_combat_area_1, sprint2_behind_water_1,
          sprint2_near_end_vault_1]

Skill      XL: |  1  2  3  4  5  6  7 |
---------------+----------------------+-----
Fighting       | 9 11 13 15 | 15.5
Spellcasting   | 4 |  4.3
Fire Magic     | 3 |  3.2
Maces & Flails | |  1.7
Armour         | |  2.6
Shields        | |  2.6

Action                   |  1- 3 |  4- 6 |  7- 9 || total
-------------------------+-------+-------+-------++-------
Melee: Flail             |     7 |    28 |    46 ||    81
 Cast: Foxfire           |       |       |    44 ||    44
       Conjure Flame     |       |       |     6 ||     6
  Use: Potion            |     2 |     2 |     3 ||     7
       Scroll            |       |       |     3 ||     3
Armor: Scale mail        |     1 |       |    13 ||    14
       Leather armour    |       |       |    21 ||    21
Dodge: Dodged            |     1 |     1 |    63 ||    65

Table legend: (Time is in decaauts)
 A = Elapsed time spent in this place.
 B = Non-inter-level travel time spent in this place.
 C = Inter-level travel time spent in this place.
 D = Time resting spent in this place.
 E = Time spent auto-exploring this place.
 F = Levels seen in this place.
 G = Mean time per level.
                   A        B        C        D        E       F      G
               +--------+--------+--------+--------+--------+-----+--------+
         Total |   1387 |   1387 |      0 |    940 |      0 |   1 | 1387.0 |
       Dungeon |   1387 |   1387 |      0 |    940 |      0 |   1 | 1387.0 |
               +--------+--------+--------+--------+--------+-----+--------+

Top non-repeatable levels by time:
       D: 1387 daAuts
